 Dungeon Crawl Stone Soup version 0.31-a0-187-gba352fbbf7 (webtiles) character file.

Game seed: 8380804888324450070

38259 Gorgondantess the Zephyrmancer (level 14, -5/73 HPs)
             Began as a Tengu Air Elementalist on June 22, 2023.
             Was the Champion of Hepliaklqana.
             Slain by a harpy simulacrum (9 damage)
             ... in an ice cave.
             The game lasted 00:52:30 (21421 turns).

Gorgondantess the Zephyrmancer (TeAE)              Turns: 21421, Time: 00:52:30

Health: -5/73      AC:  8    Str:  8    XL:     14   Next: 1%
Magic:  7/27       EV: 17    Int: 20    God:    Hepliaklqana [******]
Gold:   891        SH:  9    Dex: 22    Spells: 20/30 levels left

rFire   . . .        E - staff of air
rCold   . . .        V - +2 buckler
rNeg    . . .        Z - +2 troll leather armour {Snorg}
rPois   .            (helmet restricted)
rElec   +            N - +0 cloak
rCorr   .            (no gloves)
SInv    .            (boots unavailable)
Will    ++...        T - amulet of faith
Stlth   +++          D - +6 ring of dexterity
HPRegen 1.12/turn    q - ring of willpower
MPRegen 0.20/turn

%: faith
@: flying quickly and evasively, invisible, quick
A: reduced essence, beak, talons 3, nimble flight
a: Renounce Religion, Recall Ancestor, Ancestor Identity, Transference, Idealise


You were in an ice cave.
You worshipped Hepliaklqana.
Hepliaklqana was exalted by your worship.
You visited 4 branches of the dungeon, and saw 19 of its levels.
You also visited: Ice Cave.

You collected 1001 gold pieces.
You spent 110 gold pieces at shops.

Inventory:

Hand Weapons
 t - a +1 dagger of electrocution
Missiles
 v - 2 curare-tipped darts
 x - 20 poisoned darts
Armour
 y - a scarf of invisibility
 L - the +4 ring mail "Xibuc" {Dex+5}
   (You found it on level 6 of the Dungeon)

   Dex:       It affects your dexterity (+5).
 N - a +0 cloak (worn)
 V - a +2 buckler (worn)
 W - a +1 leather armour of positive energy
 Z - a +2 troll leather armour (worn) {Snorg}
Magical Staves
 z - a staff of fire
 E - a staff of air (weapon)
 H - a staff of poison
Jewellery
 a - a ring of protection from fire
 k - a ring of protection from fire
 q - a ring of willpower (right hand)
 D - a +6 ring of dexterity (left hand)
 K - a ring of protection from fire
 T - an amulet of faith (around neck)
Wands
 f - a wand of flame (58)
 w - a wand of digging (13)
 Q - a wand of light (7)
 U - a wand of paralysis (8)
Scrolls
 d - a scroll of brand weapon {unknown}
 e - 2 scrolls of acquirement {unknown}
 h - 3 scrolls of poison {unknown}
 j - 3 scrolls of teleportation
 n - 4 scrolls of immolation {unknown}
 o - a scroll of torment {unknown}
 r - 4 scrolls of blinking {unknown}
 u - a scroll of enchant weapon {unknown}
 A - a scroll of fog {unknown}
 B - 2 scrolls of revelation
 C - 3 scrolls of summoning {unknown}
 G - 3 scrolls of enchant armour {unknown}
 P - a scroll of silence {unknown}
 X - a scroll of amnesia {unknown}
Potions
 b - 2 potions of magic
 c - a potion of invisibility
 i - a potion of resistance
 l - 4 potions of brilliance
 m - 5 potions of curing
 p - 6 potions of lignification
 s - a potion of cancellation
 F - 5 potions of attraction
 I - 5 potions of might
 J - 7 potions of enlightenment {unknown}
 O - 4 potions of haste
 R - 2 potions of ambrosia
Miscellaneous
 S - a phantom mirror (inert)
 Y - a phial of floods


   Skills:
 + Level 7.0 Fighting
 - Level 3.1 Short Blades
 * Level 4.0 Staves
 - Level 7.2 Armour
 * Level 5.7 Dodging
 - Level 5.3 Stealth
 + Level 7.9 Shields
 + Level 8.6 Spellcasting
 - Level 9.8 Conjurations
 * Level 10.5 Summonings
 + Level 14.2 Air Magic
 + Level 3.7 Invocations
 + Level 2.3 Evocations


You had 20 spell levels left.
You knew the following spells:

 Your Spells              Type           Power      Damage    Failure   Level
a - Shock                 Conj/Air       100%       1d9       1%          1
b - Static Discharge      Conj/Air       100%       2-7/arc   1%          2
c - Airstrike             Air            39%        2d(6-22)  1%          4
d - Call Canine Familiar  Summ           50%        N/A       1%          3

Your spell library contained the following spells:

 Spells                   Type           Power      Damage    Failure   Level
 Summon Small Mammal      Summ           100%       N/A       1%          1
 Swiftness                Air            78%        N/A       1%          3
 Summon Guardian Golem    Hex/Summ       29%        N/A       5%          3
 Apportation              Tloc           16%        N/A       16%         1
 Sublimation of Blood     Necr           8%         N/A       24%         2
 Wereblood                Tmut           8%         N/A       24%         2
 Summon Forest            Summ/Tloc      14%        N/A       45%         5
 Summon Hydra             Summ           25%        N/A       87%         7
 Alistair's Intoxication  Tmut/Pois      5%         N/A       99%         5
 Eringya's Noxious Bog    Tmut/Pois      4%         N/A       100%        6


Dungeon Overview and Level Annotations

Branches:
Dungeon (12/15)            Temple (1/1) D:6            Lair (4/5) D:9
 Shoals (0/4) Lair:2       Spider (0/4) Lair:3        Slime (0/5) Lair:4
    Orc (2/2) D:10            Elf (0/3) Orc:2         IceCv (1/1)

Altars:
Ashenzari
Cheibriados
Dithmenos
Elyvilon
Fedhas
Gozag
Hepliaklqana
Kikubaaqudgha
Makhleb
Nemelex Xobeh
Okawaru
Qazlal
Ru
Sif Muna
Trog
Uskayaw
Vehumet
Wu Jian
Xom
Yredelemnul
Zin
The Shining One
Jiyva

Shops:
D:3 *   D:8 (

Annotations:
D:12 Lodul
Lair:3 1 runed translucent door, AlmostDecent's ghost, journeyman GnIE


Innate Abilities, Weirdness & Mutations

Your life essence is reduced to manifest your ancestor. (-10% HP)
You have a beak for a mouth.
You have claws for feet.
Your magical nature lets you fly swiftly and evasively.


Message History

Your wolf bites the death yak simulacrum.
The death yak simulacrum gores your wolf.
The death yak simulacrum freezes your wolf!!
Your wolf dies!
Your wolf's corpse disappears in a puff of smoke!
Unknown command.
Unknown command.
Aiming: Bolt of Light
Press: ? - help, Shift-Dir - straight line, p - death yak simulacrum The bolt of light hits the death yak simulacrum!
The death yak simulacrum is severely damaged.
The bolt of light hits the freezing wraith!
You destroy the freezing wraith!
The bolt of light hits the death yak simulacrum!
The death yak simulacrum is severely damaged.
Unknown command.
Unknown command.
Unknown command.
You catch the helpless death yak simulacrum completely off-guard!
You hit the death yak simulacrum but do no damage.
You claw the death yak simulacrum.
You peck the death yak simulacrum, but do no damage.
The death yak simulacrum is almost destroyed.
You block the harpy simulacrum's attack. x2
You hit the death yak simulacrum but do no damage.
The death yak simulacrum is electrocuted.
You claw the death yak simulacrum.
The death yak simulacrum is almost destroyed.
The harpy simulacrum claws you! The harpy simulacrum freezes you!
The harpy simulacrum misses you.
You block the death yak simulacrum's attack.
You block the harpy simulacrum's attack.
The harpy simulacrum claws you!
* * * LOW HITPOINT WARNING * * *
The harpy simulacrum freezes you!
* * * LOW HITPOINT WARNING * * *
You fade into invisibility!
You block the harpy simulacrum's attack.
The harpy simulacrum misses you. The harpy simulacrum claws you!
You die...

....[$[....##
#......)......#
#....8...8....#
#.............#
#...........#
#...........#
#....Z...ZZ.#
#........@#
##...∩...##
##..∩..##
#######


You could see 2 death yak simulacra and a harpy simulacrum (unable to see you).

Vanquished Creatures
  Snorg (D:10)
  2 hydras (Lair:3)
  Erolcha (D:9)
  2 two-headed ogres
  A boulder beetle (Lair:1)
  A skyshark (Lair:2)
  Sonja (Lair:1)
  An orc sorcerer (Orc:2)
  3 merfolk sirens (Lair:2)
  A cyclops (D:10)
  Joseph (D:9)
  3 elephants
  2 black mambas
  A torpor snail (Lair:3)
  9 cane toads
  7 komodo dragons
  A freezing wraith (IceCv)
  3 rime drakes (Lair:1)
  A burning bush (Lair:4)
  2 trolls
  A hornet (D:10)
  A merfolk (Lair:2)
  Prince Ribbit (D:5)
  2 polar bears
  7 blink frogs
  A culicivora (Lair:3)
  3 slime creatures (D:8)
  23 yaks
  A wyvern (D:8)
  2 steam dragons
  5 basilisks
  Grum (D:9)
  A warg (D:10)
  5 water moccasins
  Duvessa (D:5)
  6 orc warriors
  A black bear (D:4)
  2 sky beasts
  8 wolves
  6 ogres
  3 centaurs
  A phantom (D:6)
  7 bullfrogs
  6 necrophages (Lair:2)
  3 scorpions
  Dowan (D:5)
  6 wights
  5 killer bees
  An electric eel (D:11)
  11 orc priests
  A hound (D:7)
  2 jellies
  Ijyb (D:5)
  A hexer (D:10)
  5 iguanas
  Natasha (thrice) (D:3)
  13 orc wizards
  4 hell rats
  7 gnolls
  6 adders
  A shadow imp (D:5)
  8 white imps (Orc:1)
  An ufetubus (D:3)
  3 worms
  3 dart slugs
  31 orcs
  9 bats
  15 endoplasms
  4 giant cockroaches
  8 goblins
  11 hobgoblins
  7 kobolds
  4 quokkas
  9 ball pythons
  4 frilled lizards
  2 rats
329 creatures vanquished.

Vanquished Creatures (collateral kills)
  A two-headed ogre (D:11)
  2 elephants
  A slime creature (D:8)
  2 torpor snails
  Maggie (D:9)
  5 cane toads
  A komodo dragon (Lair:2)
  2 polar bears
  A blink frog (Lair:1)
  2 culicivoras (Lair:3)
  A wyvern (Lair:4)
  A human (D:10)
  17 yaks
  2 water moccasins
  2 orc warriors (Orc:1)
  An ice beast (D:5)
  An ogre (D:12)
  A black bear (D:8)
  2 wolves (Lair:4)
  A phantom (D:4)
  3 bullfrogs
  A gnoll sergeant (D:9)
  3 wights (D:9)
  A killer bee (D:11)
  2 jellies (Lair:4)
  An orc priest (D:10)
  A hound (D:6)
  3 iguanas
  6 orc wizards (D:9)
  A polar bear simulacrum (IceCv)
  A wolf simulacrum (IceCv)
  4 white imps (Orc:1)
  12 orcs
  An endoplasm (Lair:4)
87 creatures vanquished.

Vanquished Creatures (others)
  A wizard (D:7)
  11 hexers
  An ancestor (D:6)
13 creatures vanquished.

Grand Total: 429 creatures vanquished

Notes
Turn   | Place    | Note
-------+----------+-------------------------------------------
     0 | D:1      | Gorgondantess the Tengu Air Elementalist began the quest
                  | for the Orb.
     0 | D:1      | Reached XP level 1. HP: 10/10 MP: 4/4
   207 | D:1      | Reached XP level 2. HP: 15/15 MP: 3/6
   753 | D:1      | Reached XP level 3. HP: 19/19 MP: 2/7
  1213 | D:2      | Reached skill level 5 in Air Magic
  1320 | D:2      | Found a hazy altar of Hepliaklqana.
  1327 | D:2      | Became a worshipper of Hepliaklqana the Forgotten
  1643 | D:2      | Reached XP level 4. HP: 11/24 MP: 3/8
  2097 | D:3      | Noticed Natasha
  2106 | D:3      | Killed Natasha
  2107 | D:3      | Gained mutation: Your magical nature lets you fly swiftly
                  | and evasively. [Tengu growth]
  2107 | D:3      | Reached XP level 5. HP: 26/28 MP: 1/9
  2129 | D:3      | Noticed Natasha
  2144 | D:3      | Killed Natasha
  2145 | D:3      | Reached skill level 6 in Air Magic
  2178 | D:3      | Learned a level 2 spell: Static Discharge
  2208 | D:3      | Noticed Natasha
  2213 | D:3      | Killed Natasha
  2385 | D:3      | Reached skill level 5 in Conjurations
  2534 | D:3      | Found Wunkom's General Store.
  2538 | D:3      | Bought a scroll of teleportation for 33 gold pieces
  2538 | D:3      | Bought a potion of curing for 33 gold pieces
  2842 | D:4      | Reached XP level 6. HP: 32/32 MP: 3/10
  2985 | D:4      | Noticed a black bear
  3022 | D:4      | Killed a black bear
  3023 | D:4      | Reached skill level 7 in Air Magic
  3419 | D:4      | Reached * piety under Hepliaklqana
  3452 | D:4      | Reached XP level 7. HP: 32/32 MP: 4/11
  3554 | D:3      | Bought a potion of brilliance for 44 gold pieces
  3982 | D:5      | Entered Level 5 of the Dungeon
  4013 | D:5      | Reached skill level 8 in Air Magic
  4018 | D:5      | Learned a level 4 spell: Airstrike
  4100 | D:5      | Noticed Prince Ribbit
  4114 | D:5      | Killed Prince Ribbit
  4254 | D:5      | Noticed Dowan
  4262 | D:5      | Killed Dowan
  4263 | D:5      | Reached XP level 8. HP: 21/36 MP: 8/13
  4473 | D:5      | Noticed Duvessa
  4486 | D:5      | Killed Duvessa
  4653 | D:5      | Reached skill level 9 in Air Magic
  4803 | D:5      | Noticed Ijyb
  4807 | D:5      | Killed Ijyb
  4936 | D:5      | Found a glowing golden altar of the Shining One.
  5043 | D:6      | Reached skill level 1 in Armour
  5064 | D:6      | Reached skill level 1 in Fighting
  5131 | D:6      | Found a staircase to the Ecumenical Temple.
  5142 | Temple   | Entered the Ecumenical Temple
  5838 | D:6      | Reached ** piety under Hepliaklqana
  5839 | D:6      | Remembered your ancestor Zola as a hexer
  5846 | D:6      | Found a blossoming altar of Fedhas.
  5979 | D:6      | Reached XP level 9. HP: 43/43 MP: 5/16
  6068 | D:6      | Reached skill level 10 in Air Magic
  6156 | D:6      | Identified the +4 ring mail "Xibuc" {Dex+5}
  6477 | D:7      | Reached skill level 5 in Spellcasting
  6826 | D:7      | Noticed a troll
  6830 | D:7      | Killed a troll
  6846 | D:7      | Reached skill level 1 in Short Blades
  6846 | D:7      | Reached skill level 11 in Air Magic
  7006 | D:7      | Found a hide-covered altar of Uskayaw.
  7283 | D:7      | Found a bloodstained altar of Trog.
  7284 | D:7      | Noticed a wizard
  7289 | D:7      | Killed a wizard
  7426 | D:8      | Reached skill level 5 in Armour
  7651 | D:8      | Reached XP level 10. HP: 47/47 MP: 1/18
  7799 | D:8      | Reached *** piety under Hepliaklqana
  7946 | D:8      | Found Teekkazi's Weapon Emporium.
  8033 | D:8      | Reached skill level 12 in Air Magic
  8128 | D:8      | Noticed a two-headed ogre
  8133 | D:8      | Killed a two-headed ogre
  8807 | D:8      | Reached skill level 1 in Invocations
  9243 | D:9      | Noticed Joseph
  9247 | D:9      | Killed Joseph
  9267 | D:9      | Reached skill level 13 in Air Magic
  9272 | D:9      | Reached skill level 1 in Shields
  9445 | D:9      | Reached XP level 11. HP: 54/54 MP: 3/20
  9549 | D:9      | Noticed a two-headed ogre
  9554 | D:9      | Killed a two-headed ogre
  9801 | D:9      | Found a staircase to the Lair.
  9953 | D:9      | Noticed Maggie
  9957 | D:9      | Killed Maggie
 10210 | D:9      | Reached **** piety under Hepliaklqana
 10228 | D:9      | Noticed Grum
 10230 | D:9      | Killed Grum
 10329 | D:9      | Noticed Erolcha
 10338 | D:9      | Killed Erolcha
 10733 | D:9      | Found an ancient bone altar of Kikubaaqudgha.
 10758 | D:10     | Entered Level 10 of the Dungeon
 10838 | D:10     | Reached skill level 5 in Stealth
 11013 | D:10     | Found a staircase to the Orcish Mines.
 11115 | D:10     | Noticed a cyclops
 11121 | D:10     | Killed a cyclops
 11717 | D:10     | Identified the +1 helmet "Xizeroacs" {Harm +Inv rC- Int+6}
 11901 | D:10     | Noticed Snorg
 11924 | D:10     | Killed Snorg
 12186 | D:11     | Noticed a two-headed ogre
 12229 | D:11     | Killed a two-headed ogre
 12304 | D:11     | Learned a level 3 spell: Call Canine Familiar
 12503 | D:11     | Reached ***** piety under Hepliaklqana
 12513 | D:11     | Reached skill level 1 in Summonings
 12737 | D:11     | Reached skill level 5 in Shields
 13109 | D:12     | Noticed Lodul
 13110 | D:12     | Noticed a boulder beetle
 13278 | Lair:1   | Entered Level 1 of the Lair of Beasts
 13341 | Lair:1   | Reached XP level 12. HP: 57/59 MP: 12/23
 13477 | Lair:1   | Identified the +2 whip "Gadiwn" {speed, rF+}
 14066 | Lair:1   | Reached skill level 5 in Summonings
 14072 | Lair:1   | Noticed Sonja
 14072 | Lair:1   | Noticed a boulder beetle
 14123 | Lair:1   | Killed Sonja
 14397 | Lair:1   | Killed a boulder beetle
 14770 | Lair:1   | Reached skill level 5 in Fighting
 15145 | Lair:1   | Identified the +0 ring mail of Incorporation {Stlth+}
 15463 | Lair:2   | Noticed a skyshark
 15469 | Lair:2   | Killed a skyshark
 16041 | Lair:2   | Found a staircase to the Shoals.
 16242 | Lair:2   | Reached XP level 13. HP: 66/66 MP: 17/25
 17266 | Lair:3   | Found a hole to the Spider Nest.
 17575 | Lair:3   | Reached skill level 1 in Staves
 17770 | Lair:3   | Reached skill level 1 in Evocations
 18308 | Lair:3   | Found a runed translucent door.
 18315 | Lair:3   | Identified the +6 spear of the Coward {venom, Will+ Str+4
                  | Stlth+}
 18318 | Lair:3   | Noticed AlmostDecent's ghost (journeyman GnIE)
 18997 | Lair:3   | Reached skill level 10 in Summonings
 19215 | Lair:4   | Reached skill level 5 in Dodging
 19215 | Lair:4   | Reached skill level 14 in Air Magic
 19483 | Lair:4   | Reached ****** piety under Hepliaklqana
 20687 | Lair:4   | Found a runed translucent door.
 20687 | Lair:4   | Found a viscous altar of Jiyva.
 20688 | Lair:4   | Found a staircase to the Slime Pits.
 21046 | Orc:1    | Entered Level 1 of the Orcish Mines
 21046 | Orc:1    | You are sucked into a shaft and drop 1 floor!
 21046 | Orc:2    | Entered Level 2 of the Orcish Mines
 21326 | Orc:1    | Found a frozen archway.
 21388 | Orc:1    | Reached XP level 14. HP: 73/73 MP: 8/27
 21394 | IceCv    | Entered an ice cave
 21420 | IceCv    | HP: 3/73 [harpy simulacrum (16)]
 21421 | IceCv    | Slain by a harpy simulacrum

Illustrated notes

Levels and vault maps discovered:
D:1:      matt_arrival_grand_opening, layout_loops_ring, minmay_hexomino_u4
D:2:      layout_rooms, basic_altar, minmay_misc_feat_room, minmay_liquid_box
D:3:      layout_rooms, serial_shops, shop, minmay_misc_feat_four_crosses,
          chequers_garden, kennysheep_generic_room_15, uniq_natasha
D:4:      layout_basic, minivault_19, dk_noncrumbling_4
D:5:      layout_cave_pools, kennysheep_mini, hangedman_decor_diamond_cutter,
          uniq_ijyb, uniq_duvessa, uniq_prince_ribbit1
D:6:      layout_basic, mainiacjoe_overflow_alcove_1,
          minmay_temple_entry_purple_smoke
D:7:      layout_loops_ring, kennysheep_mini_moat, trog_wizard
D:8:      layout_basic, serial_shops, shop
D:9:      minmay_flawed_box, layout_gridville, lemuel_coloured_pillars_altar,
          david_lair_generic, uniq_erolcha, uniq_grum, uniq_joseph, uniq_maggie
D:10:     layout_grid_maze, erik_orc_4, uniq_snorg
D:11:     layout_basic
D:12:     layout_big_octagon, gammafunk_ghost_smash, uniq_lodul
Temple:   minmay_temple_bridge_d
Lair:1:   beast_lair_carwin_large_3, layout_cave_pods, serial_bayou_shore_a,
          uniq_sonja
Lair:2:   layout_misc_corridors, elwin_shoals_entry_stream, roderic_carrion_pond
Lair:3:   layout_cave_shapes, hellmonk_spider_entry_life_and_decay,
          ebering_ghost_funeral_grove
Lair:4:   layout_concentric_octagons, slime_entry_2, evilmike_ambush
          [evilmike_ambush_outer_basic, evilmike_ambush_inner_basic]
Orc:1:    layout_caves, serial_shops, shop, shop, shop,
          portal_ice_cave_entry_imps, nicolae_orc_lava_tube
Orc:2:    st_orc_pillars, layout_diamond_mine, elves_outpost_lemuel,
          uniq_josephine
IceCv:    ice_cave_statue_garden_transporter

Skill      XL: |  1  2  3  4  5  6  7  8  9 10 11 12 13 |
---------------+----------------------------------------+-----
Conjurations   | 2 3 4 5 6 7 8 9 |  9.8
Air Magic      | 5 6 7 8 9 11 13 14 | 14.2
Spellcasting   | 3 4 5 6 7 8 |  8.6
Armour         | 2 5 7 |  7.2
Fighting       | 2 3 5 7 |  7.0
Dodging        | 3 4 5 |  5.7
Short Blades   | 2 3 |  3.1
Stealth        | 3 4 5 |  5.3
Invocations    | 2 3 |  3.7
Shields        | 1 5 6 7 |  7.9
Summonings     | 2 8 10 | 10.5
Staves         | 4 |  4.0
Evocations     | 2 |  2.3

Action                     |  1- 3 |  4- 6 |  7- 9 | 10-12 | 13-15 || total
---------------------------+-------+-------+-------+-------+-------++-------
  Melee: Quarterstaff      |     5 |    22 |       |       |       ||    27
         Peck              |     1 |     4 |     8 |    34 |    30 ||    77
         Kick              |       |     4 |    15 |    39 |    34 ||    92
         Whip              |       |     1 |    21 |       |       ||    22
         Dagger            |       |       |    12 |   127 |    16 ||   155
         Staff             |       |       |       |       |    62 ||    62
  Throw: Dart              |       |       |       |     4 |       ||     4
   Cast: Shock             |    82 |    95 |    77 |    49 |    24 ||   327
         Static Discharge  |       |     3 |     9 |    25 |    28 ||    65
         Airstrike         |       |       |    40 |   182 |   127 ||   349
         Call Canine Famil |       |       |       |     2 |     2 ||     4
 Invoke: Recall Ancestor   |       |       |     5 |    10 |     4 ||    19
         Ancestor Life: He |       |       |     1 |       |       ||     1
  Evoke: Wand              |       |       |       |     5 |     3 ||     8
         Phantom mirror    |       |       |       |       |     1 ||     1
    Use: Scroll            |       |       |       |     8 |     9 ||    17
         Potion            |       |       |       |       |     4 ||     4
   Stab: Sleeping          |       |     2 |     1 |     1 |     1 ||     5
         Confused          |       |       |     1 |     3 |     6 ||    10
         Paralysed         |       |       |       |     3 |       ||     3
         Distracted        |       |       |       |     1 |     1 ||     2
         Invisible         |       |       |       |       |     1 ||     1
 Armour: Robe              |     3 |       |       |       |       ||     3
         Leather armour    |       |     5 |     1 |       |       ||     6
         Troll leather arm |       |       |       |    14 |    33 ||    47
         Ring mail         |       |       |       |     4 |       ||     4
  Dodge: Dodged            |     1 |    28 |    28 |    95 |   114 ||   266
  Block: Buckler           |       |       |       |    35 |    70 ||   105

Table legend: (Time is in decaauts)
 A = Elapsed time spent in this place.
 B = Non-inter-level travel time spent in this place.
 C = Inter-level travel time spent in this place.
 D = Time resting spent in this place.
 E = Time spent auto-exploring this place.
 F = Levels seen in this place.
 G = Mean time per level.
                   A        B        C        D        E       F      G
               +--------+--------+--------+--------+--------+-----+--------+
         Total |  20547 |  19660 |    887 |   2626 |  13996 |  20 | 1027.3 |
       Dungeon |  12650 |  12087 |    563 |   1299 |   8901 |  12 | 1054.2 |
        Temple |    120 |     99 |     21 |      0 |     89 |   1 |  120.0 |
          Lair |   7405 |   7103 |    302 |   1097 |   5005 |   4 | 1851.2 |
  Orcish Mines |    344 |    344 |      0 |    230 |      0 |   2 |  172.0 |
      Ice Cave |     26 |     26 |      0 |      0 |      0 |   1 |   26.0 |
               +--------+--------+--------+--------+--------+-----+--------+

Top non-repeatable levels by time:
  Lair:1: 2411 daAuts
  Lair:3: 2132 daAuts
     D:9: 1887 daAuts
  Lair:4: 1495 daAuts
  Lair:2: 1366 daAuts
     D:8: 1358 daAuts
    D:10: 1190 daAuts
     D:7: 1166 daAuts
     D:1: 1153 daAuts
     D:4: 1111 daAuts
     D:6: 1058 daAuts
    D:11: 1045 daAuts
     D:5: 1018 daAuts
     D:3: 882 daAuts
     D:2: 765 daAuts
